Cogmind - Beta 14 *** ADVENTURER MODE // 2024.08.23 @ 16:45:33 Player: LegoMDS Result: Destroyed by S-27 Virus with Autogun Performance ------------- Evolutions (3) 1500 Regions Visited (12) 2400 Robots Destroyed (143) 715 Value Destroyed (5142) 5142 Prototype IDs (29) 580 Alien Tech Used (0) 0 Bonus (1463) 1463 TOTAL SCORE: 11800 Bonus ------- High Alert Combat Kills 479 Entered Garrisons 200 Used RIF Installer 500 Aligned with FarCom 300 Friendly Fire -16 Cogmind --------- Core Integrity 0/700 Matter 22/300 Energy 160/160 System Corruption 16% Temperature Cool (0) Movement Treading (160) Location -7/Factory Parts ------- > --- POWER (1) -------- Light Nuclear Core > --- PROPULSION (4) --- Light Treads > --- UTILITY (5) ------ Hacking Suite > --- WEAPON (3) ------- Mini Assault Cannon > --- INVENTORY (5) ---- Xenon Bombardment Thruster Medium Storage Unit Cooled Particle Cannon Mini Assault Cannon Rocket Launcher Peak State ------------ > --- POWER ------------ Light Nuclear Core > --- PROPULSION ------- Improved Carbon-fiber Leg Improved Carbon-fiber Leg Potential Leg Potential Leg > --- UTILITY ---------- Medium Storage Unit Target Analyzer Hacking Suite Relay Coupler [NC] Relay Coupler [Grunt] > --- WEAPON ----------- Heavy Particle Gun Mini Assault Cannon Remote Datajack > --- INVENTORY -------- Micro Nuclear Core Titanium Leg Improved Cooling System Weapon Cycler Hacking Suite Relay Coupler [Hunter] Mini Assault Cannon Missile Launcher [Rating: 58] Favorites ----------- Power Light Nuclear Core Engine Ion Engine Power Core Light Nuclear Core Propulsion Potential Leg Treads Light Treads Leg Potential Leg Utility Small Storage Unit Device Improved Heat Sink Storage Small Storage Unit Processor Target Analyzer Hackware Hacking Suite Weapon Shotgun Energy Gun Heavy Particle Gun Energy Cannon Particle Cannon Ballistic Gun Shotgun Ballistic Cannon Mini Assault Cannon Launcher Grenade Launcher Special Weapon Remote Datajack Slashing Weapon Katana Special Melee Weapon Improved Datajack Build | -11 -10 -10 -9 -9 -9 -8 -8 -8 -8 -7 -7 -7 ------- Run | Yrd Mat Min Mat Min Exi Min Mat Gar Mat Fac Was Fac Slots Evolved 6 | . . . 2 . . . 2 . . 2 . . Power . | . . . . . . . . . . . . . Propulsion 2 | . . . 1 . . . 1 . . . . . Utility 3 | . . . 1 . . . . . . 2 . . Weapon 1 | . . . . . . . 1 . . . . . Parts Attached 103 | 7 7 . 16 4 3 . 10 10 6 25 7 8 Power 13 | 1 1 . 1 1 . . 2 2 2 2 . 1 Engine 3 | 1 1 . . . . . . . 1 . . . Core 10 | . . . 1 1 . . 2 2 1 2 . 1 Reactor . | . . . . . . . . . . . . . Propulsion 36 | 2 1 . 7 3 3 . 4 2 2 10 . 2 Treads 1 | . . . . . . . . . . . . 1 Leg 35 | 2 1 . 7 3 3 . 4 2 2 10 . 1 Wheel . | . . . . . . . . . . . . . Hover . | . . . . . . . . . . . . . Flight . | . . . . . . . . . . . . . Utility 11 | 1 . . 2 . . . 1 3 1 2 . 1 Device 3 | . . . 2 . . . . 1 . . . . Storage 2 | 1 . . . . . . . . 1 . . . Processor 1 | . . . . . . . . 1 . . . . Hackware 5 | . . . . . . . 1 1 . 2 . 1 Protection . | . . . . . . . . . . . . . Artifact . | . . . . . . . . . . . . . Weapon 43 | 3 5 . 6 . . . 3 3 1 11 7 4 Energy Gun 5 | 1 . . 1 . . . . . . 3 . . Energy Cannon 2 | . . . 1 . . . . . . . . 1 Ballistic Gun 15 | 2 4 . 3 . . . 2 2 . 1 1 . Ballistic Cannon 9 | . . . . . . . . . 1 1 4 3 Launcher 2 | . . . 1 . . . . . . . 1 . Special Weapon 4 | . . . . . . . . . . 3 1 . Impact Weapon . | . . . . . . . . . . . . . Slashing Weapon 1 | . . . . . . . 1 . . . . . Piercing Weapon . | . . . . . . . . . . . . . Special Melee Weapon 5 | . 1 . . . . . . 1 . 3 . . Unidentified Prototypes 4 | . . . . . . . . . 2 1 . 1 Parts Lost 23 | . . . 2 . . . . 6 . 7 8 . Power 4 | . . . . . . . . 1 . 2 1 . Propulsion 6 | . . . . . . . . 1 . 3 2 . Utility 4 | . . . . . . . . 2 . . 2 . Weapon 9 | . . . 2 . . . . 2 . 2 3 . Highest Loss Streak 8 | . . . 1 . . . . 3 . 3 8 . To Critical Strikes . | . . . . . . . . . . . . . Average Slot Usage (%) 88 | . 84 85 96 100 100 100 100 95 100 98 82 26 Engine 2 | . 14 14 3 . . . . . . . . . Core 6 | . . . 7 11 11 11 9 8 9 6 6 5 Leg 29 | . 27 28 33 33 33 33 36 35 36 29 23 3 Device 7 | . . . 18 22 22 22 15 1 . . . . Storage 9 | . 14 14 11 11 11 11 9 9 9 7 6 . Processor 2 | . . . . . . . . 4 9 7 6 . Hackware 7 | . . . . . . . 2 8 9 23 19 6 Energy Gun 1 | . . . . . . . . . . 6 . . Energy Cannon 3 | . . . 6 11 11 11 9 1 . . . 1 Ballistic Gun 10 | . 27 28 13 11 11 11 9 11 9 2 . . Ballistic Cannon 1 | . . . . . . . . . 7 4 12 4 Slashing Weapon 2 | . . . . . . . 9 9 9 1 . . Peak Build Rating 58 | 6 7 7 25 22 38 35 43 48 50 58 49 14 Average Rating 29 | 3 6 7 19 22 29 35 40 44 49 52 40 11 On Entrance 24 | . 6 7 7 22 22 35 35 43 48 47 47 . Naked Turns 24 | . . . . . . . . . . . 15 9 Heaviest Build 30 | 12 14 14 26 26 26 26 28 20 25 26 30 12 Greatest Support 98 | 20 20 20 55 45 70 70 88 88 88 98 73 20 Greatest Overweight (x) 8 | . 1 . . . . . . . . . 8 1 Average Overweight (x) . | . . . . . . . . . . . . . Largest Inventory Capacity 10 | 8 8 8 8 8 8 8 8 8 10 10 10 5 Average Capacity 8 | 6 8 8 8 8 8 8 8 8 8 10 9 5 Most Carried 10 | 4 8 8 8 8 8 7 8 8 8 10 10 5 Average Carried 7 | 2 5 8 7 8 7 6 6 7 7 9 8 3 Final Capacity 10 | 8 8 8 8 8 8 8 8 8 10 10 5 5 Final Carried 9 | 2 8 8 8 8 7 7 8 7 8 9 3 5 Class Distribution -------------------- 41% | Scavenger-Mutant 24% | Mutant 22% | Hacker-Mutant 11% | Hacker-Skirmisher Dominant Class ---------------- Mutant | -10/Materials Mutant | -10/Mines Scavenger-Mutant | -9/Materials Scavenger-Mutant | -9/Mines Mutant | -9/Exiles Mutant | -8/Mines Scavenger-Mutant | -8/Materials Scavenger-Mutant | -8/Garrison Scavenger-Mutant | -8/Materials Hacker-Skirmisher | -7/Factory Hacker-Skirmisher | -7/Waste Hacker-Mutant | -7/Factory Resources | -11 -10 -10 -9 -9 -9 -8 -8 -8 -8 -7 -7 -7 ----------- Run | Yrd Mat Min Mat Min Exi Min Mat Gar Mat Fac Was Fac Matter Collected 2763 | 146 356 90 511 72 . 62 175 358 132 675 . 186 Remotely . | . . . . . . . . . . . . . Salvage Created 4582 | . 352 87 1451 150 . 163 380 644 312 887 . 156 Parts 322 | . 23 8 100 9 . 14 35 56 19 48 . 10 Haulers Intercepted 3 | . . . 2 . . . . . . . . 1 Recyclers Shooed 5 | . . . 4 . . . . . . . . 1 Parts Field Recycled . | . . . . . . . . . . . . . Retrieved Matter . | . . . . . . . . . . . . . Parts Self-Destructed . | . . . . . . . . . . . . . Prevented . | . . . . . . . . . . . . . Kills | -11 -10 -10 -9 -9 -9 -8 -8 -8 -8 -7 -7 -7 ------- Run | Yrd Mat Min Mat Min Exi Min Mat Gar Mat Fac Was Fac Combat Hostiles Destroyed 120 | . 6 6 26 6 . 7 9 20 11 25 . 4 Guns 78 | . 6 6 20 2 . 6 3 18 5 12 . . Cannons 36 | . . . 3 4 . 1 6 2 5 11 . 4 AOE 4 | . . . 2 . . . . . . 2 . . Classes Destroyed 13 | . 2 1 6 1 . . . 2 . 1 . . Worker 3 | . . . 2 . . . . . . 1 . . Builder 2 | . . . . . . . . . . 1 . 1 Hauler 3 | . . . 2 . . . . . . . . 1 Recycler 2 | . . . 2 . . . . . . . . . Operator 4 | . . . 1 . . . 1 . . 2 . . Watcher 9 | . 3 . 3 . . . 2 . . 1 . . Swarmer 40 | . . 6 . 4 . 7 4 7 5 7 . . Grunt 54 | . 6 . 21 1 . . 3 3 6 13 . 1 Brawler 1 | . . . 1 . . . . . . . . . Duelist 3 | . . . . 1 . . . 2 . . . . Sentry 14 | . . . 4 . . . 2 5 . 2 . 1 Hunter 2 | . . . . . . . . 1 . . . 1 Programmer 6 | . . . . . . . . 2 . 3 . 1 Best Kill Streak 15 | . 3 3 15 4 . 4 4 10 4 4 . 2 Combat Bots Only 10 | . 2 3 4 4 . 4 4 10 4 4 . 2 Max Kills in Single Turn 2 | . 1 2 2 1 . 1 1 2 1 2 . 1 Gunslinging 1 | . . 1 . . . . . . . 1 . . Exploded 2 | . . . 2 . . . . . . 2 . . Melee . | . . . . . . . . . . . . . Uniques/NPCs Destroyed . | . . . . . . . . . . . . . Combat | -11 -10 -10 -9 -9 -9 -8 -8 -8 -8 -7 -7 -7 -------- Run | Yrd Mat Min Mat Min Exi Min Mat Gar Mat Fac Was Fac Hostile Shots Fired 732 | . 30 14 96 16 . 20 41 183 56 192 9 75 Missed 252 | . 13 3 33 3 . 2 13 68 18 68 1 30 Damage Taken 5206 | . 157 68 690 105 . 108 238 1192 341 1635 268 404 Core 1121 | . 18 20 78 21 . 19 48 151 57 260 200 249 Absorbed by Shields . | . . . . . . . . . . . . . Ignored by Resistances 1531 | . 46 22 199 34 . 36 71 350 102 475 71 125 Core Remaining (%) 76 | 100 . 84 . . . 70 . . 53 . . . Volleys Fired 365 | . 33 9 99 10 . 8 32 41 19 82 1 31 Largest 3 | . 2 2 2 2 . 2 2 2 2 3 1 1 Hottest 131 | . 40 40 91 91 . 91 91 91 76 131 5 48 Shots Fired 612 | . 66 18 149 18 . 16 53 72 38 150 1 31 Gun 426 | . 66 18 127 8 . 8 21 67 19 92 . . Cannon 169 | . . . 21 10 . 8 32 5 19 43 . 31 Launcher 1 | . . . 1 . . . . . . . . . Special 16 | . . . . . . . . . . 15 1 . Kinetic 428 | . 66 18 110 8 . 8 21 67 38 69 . 23 Thermal 150 | . . . 21 10 . 8 32 5 . 66 . 8 Explosive 1 | . . . 1 . . . . . . . . . Electromagnetic 17 | . . . 17 . . . . . . . . . Robot Hit Streak 19 | . 10 4 18 9 . 6 13 19 5 12 5 12 Robot Miss Streak 7 | . 3 2 2 1 . 2 3 3 2 7 . 1 Penetration Max 1 | . . . . . . . . . 1 . . . Secondary Targets 11 | . 1 2 1 . . . . 6 . 1 . . Max Gunslinging Chain 1 | . 1 1 1 . . . . 1 . 1 . . Shots Hit Robots 474 | . 45 10 122 13 . 12 37 66 24 118 1 26 Core Hits 254 | . 16 6 63 8 . 8 22 38 13 72 . 8 Critical Kills 4 | . 1 . 1 . . . . 1 1 . . . Critical Parts Destroyed 3 | . 1 . 2 . . . . . . . . . Critical Strikes 20 | . 2 . 3 . . . . 1 2 12 . . Burn 6 | . . . . . . . . . . 6 . . Meltdown 1 | . . . 1 . . . . . . . . . Destroy 6 | . 2 . 2 . . . . 1 1 . . . Blast 7 | . . . . . . . . . 1 6 . . Melee Attacks 16 | . 1 . . . . . . 6 . 9 . . Impact . | . . . . . . . . . . . . . Slashing 6 | . . . . . . . . 6 . . . . Piercing . | . . . . . . . . . . . . . Sneak Attacks 7 | . 1 . . . . . . . . 6 . . Combat Hostiles 5 | . . . . . . . . . . 5 . . Follow-up Attacks . | . . . . . . . . . . . . . Damage Inflicted 8848 | . 561 110 1959 260 . 235 702 1192 613 2512 . 704 Guns 5460 | . 561 110 1545 95 . 92 267 1087 273 1430 . . Cannons 3063 | . . . 308 165 . 143 435 105 340 871 . 696 Explosions 314 | . . . 103 . . . . . . 211 . . Melee . | . . . . . . . . . . . . . Ramming 11 | . . . 3 . . . . . . . . 8 Kinetic 6034 | . 561 110 1338 95 . 92 267 1087 613 1363 . 508 Thermal 2493 | . . . 308 165 . 143 435 105 . 1149 . 188 Explosive 103 | . . . 103 . . . . . . . . . Electromagnetic 207 | . . . 207 . . . . . . . . . Impact . | . . . . . . . . . . . . . Slashing . | . . . . . . . . . . . . . Piercing . | . . . . . . . . . . . . . Highest Corruption 16 | . . . . . . . . 1 1 2 16 16 Average Corruption 6 | . . . . . . . . 1 1 1 10 16 Corruption Purged . | . . . . . . . . . . . . . Corruption Blocked . | . . . . . . . . . . . . . Effects 46 | . . . . . . . . 4 3 5 4 30 Message Errors 10 | . . . . . . . . 1 . 2 . 7 Matter Fused 10 | . . . . . . . . 2 1 1 1 5 Heat Flow Errors 5 | . . . . . . . . 1 . 1 . 3 Energy Discharges 4 | . . . . . . . . . 1 . . 3 Parts Rejected 2 | . . . . . . . . . . . 1 1 Data Loss (minor) 8 | . . . . . . . . . 1 . 1 6 Data Loss (major) 1 | . . . . . . . . . . . . 1 Misfires 2 | . . . . . . . . . . . . 2 Alerts 2 | . . . . . . . . . . 1 1 . Weapon Failures 2 | . . . . . . . . . . . . 2 Overload Shots . | . . . . . . . . . . . . . Overflow Damage 140 | . . . 1 1 . 1 . . 27 102 . 8 Projectiles 80 | . . . 1 1 . 1 . . 27 42 . 8 Explosions 60 | . . . . . . . . . . 60 . . Melee . | . . . . . . . . . . . . . Knockbacks 17 | . . . . . . . . . 5 7 . 5 Impact . | . . . . . . . . . . . . . Kinetic 16 | . . . . . . . . . 4 7 . 5 Secondary 1 | . . . . . . . . . 1 . . . Self-Inflicted Damage 162 | . . . . . . . . . . 162 . . Shots 3 | . . . . . . . . . . 3 . . Rammed 6 | . . . . . . . . . . . . 6 Targets Rammed 7 | . . . 1 . . . . . . . . 6 Kicked 1 | . . . 1 . . . . . . . . . Crushed . | . . . . . . . . . . . . . Highest Temperature 246 | . 3 . 97 33 . 12 40 244 93 221 . 246 Average Temperature 46 | . 2 . 22 12 . 5 14 65 33 69 . 78 Received Heat Transfer 1878 | . 120 . 450 18 . . 117 333 153 621 . 66 Siege Activations . | . . . . . . . . . . . . . Robots Corrupted 1 | . . . . . . . . . 1 . . . Combat Hostiles 1 | . . . . . . . . . 1 . . . Parts Fried 2 | . . . . . . . . . 2 . . . Impact Corruptions 1 | . . . . . . . . . 1 . . . Robots Melted 1 | . . . 1 . . . . . . . . . Combat Hostiles 1 | . . . 1 . . . . . . . . . Parts Melted 12 | . . 1 3 . . . 3 . . 3 . 2 Heat Transferred 4738 | . . . 555 296 . 259 777 185 . 2407 . 259 Parts Sabotaged . | . . . . . . . . . . . . . Parts Stolen . | . . . . . . . . . . . . . Parts Stripped . | . . . . . . . . . . . . . Power Chain Reactions . | . . . . . . . . . . . . . Alert | -11 -10 -10 -9 -9 -9 -8 -8 -8 -8 -7 -7 -7 ------- Run | Yrd Mat Min Mat Min Exi Min Mat Gar Mat Fac Was Fac Peak Influence 785 | . 188 178 557 208 . 174 360 785 595 653 159 170 Initial 329 | . . 25 . 158 . . 57 138 329 232 159 36 Average 284 | . 86 99 385 138 . 102 269 554 456 387 137 68 Maximum Alert Level 3 | . . . 2 1 . . 1 3 2 2 . . Low Security (%) 42 | 100 100 100 17 72 . 100 21 10 . . 100 100 Level 1 25 | . . . 26 27 . . 78 12 22 50 . . Level 2 28 | . . . 56 . . . . 50 77 49 . . Level 3 2 | . . . . . . . . 25 . . . . Level 4 . | . . . . . . . . . . . . . Level 5 . | . . . . . . . . . . . . . High Security . | . . . . . . . . . . . . . Max Security . | . . . . . . . . . . . . . Squads Dispatched 20 | . . . 4 . . . 1 . 2 11 . 2 Investigation 6 | . . . 3 . . . . . 1 2 . . Extermination 5 | . . . . . . . . . . 4 . 1 Reinforcement 8 | . . . 1 . . . 1 . 1 4 . 1 Assault 1 | . . . . . . . . . . 1 . . Garrison . | . . . . . . . . . . . . . Intercept . | . . . . . . . . . . . . . Searches Triggered . | . . . . . . . . . . . . . Construction Impeded 2 | . . . . . . . . . 1 1 . . Haulers Reinforced 1 | . . . . . . . . . . . . 1 Active Scanning Responses . | . . . . . . . . . . . . . Cargo Convoy Interrupts . | . . . . . . . . . . . . . Stealth | -11 -10 -10 -9 -9 -9 -8 -8 -8 -8 -7 -7 -7 --------- Run | Yrd Mat Min Mat Min Exi Min Mat Gar Mat Fac Was Fac Distress Signals 9 | . 1 . 4 . . . 1 . . 2 . 1 Communications Jammed . | . . . . . . . . . . . . . Distress Signals . | . . . . . . . . . . . . . Times Spotted 193 | . 13 5 39 6 . 7 16 21 13 54 6 13 Peak Tracking Total 8 | . 4 3 7 4 . 4 5 7 5 8 6 4 Tactical Retreats 9 | . . . 2 . . . 2 1 1 2 . 1 Traps | -11 -10 -10 -9 -9 -9 -8 -8 -8 -8 -7 -7 -7 ------- Run | Yrd Mat Min Mat Min Exi Min Mat Gar Mat Fac Was Fac Traps Triggered 14 | . 2 . 1 . . . . 6 1 4 . . Indirectly . | . . . . . . . . . . . . . Trap Hack Attempts . | . . . . . . . . . . . . . Triggered . | . . . . . . . . . . . . . Disarmed . | . . . . . . . . . . . . . Reprogrammed . | . . . . . . . . . . . . . Reused . | . . . . . . . . . . . . . Traps Extracted . | . . . . . . . . . . . . . Installed . | . . . . . . . . . . . . . Triggered . | . . . . . . . . . . . . . Most Traps Carried 1 | . . . . 1 . . . . . . . . Machines | -11 -10 -10 -9 -9 -9 -8 -8 -8 -8 -7 -7 -7 ---------- Run | Yrd Mat Min Mat Min Exi Min Mat Gar Mat Fac Was Fac Machines Disabled 22 | . 1 1 1 . . 1 1 6 . 10 . 1 Max in Single Turn 2 | . 1 1 1 . . 1 1 1 . 2 . 1 Garrison Relay 3 | . . . . . . . . 3 . . . . Machines Repaired . | . . . . . . . . . . . . . Machines Dismantled . | . . . . . . . . . . . . . Machines Sabotaged . | . . . . . . . . . . . . . Overloaded Fab Kills . | . . . . . . . . . . . . . Hacking | -11 -10 -10 -9 -9 -9 -8 -8 -8 -8 -7 -7 -7 --------- Run | Yrd Mat Min Mat Min Exi Min Mat Gar Mat Fac Was Fac Machines Accessed 22 | . 3 . 5 . 2 . 5 2 2 1 . 2 Terminals 13 | . 3 . 4 . . . 2 2 1 . . 1 Fabricators 2 | . . . . . . . . . . 1 . 1 Repair Stations . | . . . . . . . . . . . . . Recycling Units . | . . . . . . . . . . . . . Scanalyzers 4 | . . . 1 . . . 2 . 1 . . . Garrison Access 1 | . . . . . . . 1 . . . . . Total Hacks 55 | . 6 . 13 . 5 . 13 5 6 4 . 3 Successful 36 | . 2 . 8 . 5 . 12 1 5 3 . . Failed 19 | . 4 . 5 . . . 1 4 1 1 . 3 Catastrophic 2 | . 1 . . . . . . 1 . . . . Database Lockouts . | . . . . . . . . . . . . . Manual 6 | . 3 . . . 1 . . 1 . . . 1 Terminals 25 | . 6 . 8 . . . 3 5 2 . . 1 Fabricators 6 | . . . . . . . . . . 4 . 2 Repair Stations . | . . . . . . . . . . . . . Recycling Units . | . . . . . . . . . . . . . Scanalyzers 17 | . . . 5 . . . 8 . 4 . . . Garrison Access 2 | . . . . . . . 2 . . . . . Terminal Hacks 14 | . 2 . 3 . 5 . 2 1 1 . . . Record 5 | . . . 1 . 4 . . . . . . . Robot Analysis 2 | . . . 1 . . . 1 . . . . . Prototype ID Bank 1 | . 1 . . . . . . . . . . . Branch Access Points 3 | . 1 . . . . . 1 . 1 . . . Emergency Access Points 1 | . . . . . . . . 1 . . . . Hauler Manifests 1 | . . . 1 . . . . . . . . . Derelict Proto ID Bank 1 | . . . . . 1 . . . . . . . Fabricator Hacks 3 | . . . . . . . . . . 3 . . Load Schematic 1 | . . . . . . . . . . 1 . . Build 2 | . . . . . . . . . . 2 . . Repair Station Hacks . | . . . . . . . . . . . . . Recycling Unit Hacks . | . . . . . . . . . . . . . Scanalyzer 17 | . . . 5 . . . 8 . 4 . . . Insert Component 8 | . . . 2 . . . 4 . 2 . . . Analyze 9 | . . . 3 . . . 4 . 2 . . . Garrison Access Hacks 2 | . . . . . . . 2 . . . . . Unlock Access 1 | . . . . . . . 1 . . . . . Coupler Status 1 | . . . . . . . 1 . . . . . Unauthorized Hacks . | . . . . . . . . . . . . . Terminals . | . . . . . . . . . . . . . Fabricators . | . . . . . . . . . . . . . Repair Stations . | . . . . . . . . . . . . . Recycling Units . | . . . . . . . . . . . . . Scanalyzers . | . . . . . . . . . . . . . Garrison Access . | . . . . . . . . . . . . . Data Cores Recovered 1 | . . . . . . . . . . 1 . . Used . | . . . . . . . . . . . . . Hacking Detections 11 | . 1 . 3 . . . 2 2 . 1 . 2 Full Trace Events 4 | . 1 . 1 . . . . 1 . 1 . . Feedback Events . | . . . . . . . . . . . . . Feedback Blocked . | . . . . . . . . . . . . . Robot Schematics Acquired . | . . . . . . . . . . . . . Robots Built . | . . . . . . . . . . . . . Authchips . | . . . . . . . . . . . . . Time . | . . . . . . . . . . . . . Total Robot Build Rating . | . . . . . . . . . . . . . Part Schematics Acquired 8 | . . . 2 . . . 4 . 2 . . . Parts Built 4 | . . . . . . . . . . 4 . . Authchips . | . . . . . . . . . . . . . Time 78 | . . . . . . . . . . 78 . . Total Part Build Rating 14 | . . . . . . . . . . 14 . . Parts Repaired . | . . . . . . . . . . . . . Time . | . . . . . . . . . . . . . Parts Recycled . | . . . . . . . . . . . . . Recycled Matter . | . . . . . . . . . . . . . Retrieved Matter . | . . . . . . . . . . . . . Retrieved Components . | . . . . . . . . . . . . . Parts Scanalyzed 8 | . . . 2 . . . 4 . 2 . . . Part Schematics Acquired 8 | . . . 2 . . . 4 . 2 . . . Parts Damaged . | . . . . . . . . . . . . . Bothacking | -11 -10 -10 -9 -9 -9 -8 -8 -8 -8 -7 -7 -7 ------------ Run | Yrd Mat Min Mat Min Exi Min Mat Gar Mat Fac Was Fac Used RIF Installer 1 | . . . . . . . . 1 . . . . Robots Hacked 14 | . 1 . . . . . . . . 12 1 . Non-combat 6 | . 1 . . . . . . . . 5 . . Combat 8 | . . . . . . . . . . 7 1 . Robot Hacks Applied 15 | . 1 . . . . . . . . 13 1 . parse_system 2 | . . . . . . . . . . 1 1 . no_distress 1 | . 1 . . . . . . . . . . . generate_echo 1 | . . . . . . . . . . 1 . . link_fov 1 | . . . . . . . . . . 1 . . tweak_propulsion 1 | . . . . . . . . . . 1 . . overload_power 3 | . . . . . . . . . . 3 . . amplify_resonance 2 | . . . . . . . . . . 2 . . reboot_system 1 | . . . . . . . . . . 1 . . go_dormant 1 | . . . . . . . . . . 1 . . formatsys_low 1 | . . . . . . . . . . 1 . . formatsys_high 1 | . . . . . . . . . . 1 . . Relay Couplers Released 14 | . . . . . . . . 14 . . . . Machine Destruction 14 | . . . . . . . . 14 . . . . Attached 2 | . . . . . . . . . . 2 . . Fabnet Peak Effective % . | . . . . . . . . . . . . . Robots Rewired . | . . . . . . . . . . . . . Allies Hacked . | . . . . . . . . . . . . . Hacks Repelled . | . . . . . . . . . . . . . Allies | -11 -10 -10 -9 -9 -9 -8 -8 -8 -8 -7 -7 -7 -------- Run | Yrd Mat Min Mat Min Exi Min Mat Gar Mat Fac Was Fac Total Allies 5 | . . 2 . . . . . . . 2 1 . Largest Group 2 | . . 2 2 . . . . . . 1 1 . Highest-Rated Group 44 | . . 44 44 . . . . . . 19 31 . Highest-Rated Ally 31 | . . 31 31 . . . . . . 19 31 . Total Orders . | . . . . . . . . . . . . . Ally Attacks 30 | . . 3 18 . . . . . . . 9 . Total Damage 355 | . . 41 144 . . . . . . . 170 . Kills . | . . . . . . . . . . . . . Allies Corrupted . | . . . . . . . . . . . . . Allies Melted . | . . . . . . . . . . . . . Intel | -11 -10 -10 -9 -9 -9 -8 -8 -8 -8 -7 -7 -7 ------- Run | Yrd Mat Min Mat Min Exi Min Mat Gar Mat Fac Was Fac Robot Analysis Total 2 | . . . 1 . . . 1 . . . . . Derelict Logs Recovered 4 | . . 2 . 2 . . . . . . . . Drone Launches . | . . . . . . . . . . . . . Drone Recoveries . | . . . . . . . . . . . . . Exploration | -11 -10 -10 -9 -9 -9 -8 -8 -8 -8 -7 -7 -7 ------------- Run | Yrd Mat Min Mat Min Exi Min Mat Gar Mat Fac Was Fac Turns Passed 6659 | 62 564 434 1050 557 325 104 500 678 298 1309 139 639 Spaces Moved 4553 | 47 365 340 605 413 291 79 363 503 158 836 121 432 Core 152 | 13 . . . . . . . . . . 29 110 Treads 162 | . . . . . . . . . . . . 162 Legs 4239 | 34 365 340 605 413 291 79 363 503 158 836 92 160 Wheels . | . . . . . . . . . . . . . Hover . | . . . . . . . . . . . . . Flight . | . . . . . . . . . . . . . Fastest Speed 50 | 50 120 120 120 126 100 100 105 100 100 105 50 50 Average Speed 114 | 100 120 120 126 126 110 100 105 104 104 108 103 123 Slowest Speed 450 | 120 190 120 133 126 126 100 105 105 105 115 450 190 Overloaded Moves . | . . . . . . . . . . . . . Propulsion Burnouts . | . . . . . . . . . . . . . Robots Hopped . | . . . . . . . . . . . . . Cave-ins Triggered . | . . . . . . . . . . . . . Exploration Rate (%) 49 | 3 54 92 63 91 69 26 35 65 22 33 75 12 Regions Visited 12 Branch Regions 4 Pre-discovered Areas 1 | . . . . . 1 . . . . . . . Known Exits Taken 5 | . 1 1 1 . . 1 1 . . . . . Unknown Exits Taken 4 | 1 . . . 1 1 . . . 1 . . . Scrap Searched 5 | . . 3 . 2 . . . . . . . . Spaces Dug . | . . . . . . . . . . . . . Terrain Destroyed 59 | . . . 7 . . . . . 6 43 . 3 Melee . | . . . . . . . . . . . . . Projectile 14 | . . . . . . . . . 6 5 . 3 AOE 45 | . . . 7 . . . . . . 38 . . Terrain Rammed . | . . . . . . . . . . . . . Walls Destroyed . | . . . . . . . . . . . . . Machines Disabled . | . . . . . . . . . . . . . Actions | -11 -10 -10 -9 -9 -9 -8 -8 -8 -8 -7 -7 -7 --------- Run | Yrd Mat Min Mat Min Exi Min Mat Gar Mat Fac Was Fac Total 5380 | 61 421 348 744 431 296 88 430 574 254 1097 132 504 Wait 213 | . 6 . 6 . . . 6 . 62 117 . 16 Move 4543 | 46 364 339 604 412 290 78 363 502 157 836 120 432 Hop . | . . . . . . . . . . . . . Pick Up 78 | 8 8 . 9 2 . 1 11 9 3 16 3 8 Fast Attach 17 | . 4 . 2 . . . . 1 3 4 3 . Attach 43 | 6 . . 3 . 1 . 3 8 . 11 3 8 Detach 3 | . . . . . . . . . 1 . . 2 Swap 44 | 1 3 . 11 4 2 . 7 2 3 10 1 . Drop 50 | . 2 . 9 3 3 1 8 5 6 11 1 1 Fire 365 | . 33 9 99 10 . 8 32 41 19 82 1 31 Melee 16 | . 1 . . . . . . 6 . 9 . . Ram . | . . . . . . . . . . . . . Kick 1 | . . . 1 . . . . . . . . . Crush 6 | . . . . . . . . . . . . 6 Escape Stasis . | . . . . . . . . . . . . . Rewire 1 | . . . . . . . . . . 1 . . Trap . | . . . . . . . . . . . . . Miscellaneous . | . . . . . . . . . . . . . Route ------- -11/Scrapyard -10/Materials -10/Mines (discovered 2 exits: *Mat x2) -9/Materials (discovered 4 exits: *Mat x3 / *Min) -9/Mines (discovered 3 exits: *Mat x2 / *Exi) -9/Exiles -8/Mines -8/Materials (discovered 2 exits: Sto / Gar) -8/Garrison (discovered 3 exits: *Mat x3) -8/Materials (discovered 2 exits: *Fac / Sto) -7/Factory (discovered 3 exits: [*Fac x2] / [*Low]) -7/Waste -7/Factory History --------- Turn | Location | Event 7 | -11/Scrapyard | Discovered new exit (range 14) 63 | -11/Scrapyard | Entered Materials 140 | -10/Materials | Discovered new exit (range 11) 282 | -10/Materials | Identified exit to Mines 310 | -10/Materials | Build established: Mutant 627 | -10/Materials | Entered Mines 803 | -10/Mines | Identified exit to Materials 869 | -10/Mines | Learned 8 Materials zone layouts 1047 | -10/Mines | Discovered exit to Materials (range 6) 1061 | -10/Mines | Entered Materials 1061 | -9/Materials | Accompanied by 2 allies 1061 | -9/Materials | Evolved 2 slots: Propulsion x1, Utility x1 1062 | -9/Materials | Identified exit to Materials 1062 | -9/Materials | Identified exit to Mines 1066 | -9/Materials | Led the pair of lost Derelicts to an unsafe place 1421 | -9/Materials | Discovered exit to Materials (range 14) 1549 | -9/Materials | Build established: Scavenger-Mutant 2111 | -9/Materials | Entered Mines 2135 | -9/Mines | Met a Derelict bent on vengeance 2139 | -9/Mines | Discovered exit to Materials (range 8) 2216 | -9/Mines | Learned Materials non-interactive machine intel 2225 | -9/Mines | Discovered exit to Materials (range 7) 2308 | -9/Mines | Found a hidden stash of uninstalled traps 2561 | -9/Mines | Learned Materials security intel 2663 | -9/Mines | Deemed a non-threat by the Exiles lab entrance 2663 | -9/Mines | Discovered new exit (range 5) 2668 | -9/Mines | Entered Exiles 2701 | -9/Exiles | Met 8R-AWN 2720 | -9/Exiles | Met EX-HEX 2760 | -9/Exiles | Met EX-BIN 2776 | -9/Exiles | Aligned with FarCom system 2777 | -9/Exiles | Given EX-Vault access code 2808 | -9/Exiles | Opened EX-Vault 2815 | -9/Exiles | Found Potential Leg 2817 | -9/Exiles | Found Potential Leg 2843 | -9/Exiles | Warned to stay clear of 0b10 Research branches 2871 | -9/Exiles | Met EX-DEC 2947 | -9/Exiles | Learned location of Zion (-6) 2985 | -9/Exiles | Discovered new exit (range 10) 2993 | -9/Exiles | Left Exiles lab with Potential Leg 2993 | -9/Exiles | Entered Mines 3054 | -8/Mines | Discovered exit to Materials (range 16) 3097 | -8/Mines | Entered Materials 3097 | -8/Materials | Evolved 2 slots: Propulsion x1, Weapon x1 3099 | -8/Materials | Loaded intel: 40 non-interactive machine locations 3362 | -8/Materials | Identified exit to Storage 3597 | -8/Materials | Identified exit to Garrison 3597 | -8/Materials | Entered Garrison 3649 | -8/Garrison | Triggered checkpoint 3668 | -8/Garrison | Garrison Relay disabled 3764 | -8/Garrison | Build established: Hacker-Mutant 3815 | -8/Garrison | Triggered checkpoint 3819 | -8/Garrison | Lost 3 parts (1p1n1u) 3823 | -8/Garrison | Destroyed 10 combat bots 3871 | -8/Garrison | Triggered checkpoint 3916 | -8/Garrison | Lost 3 parts (1u2w) 3923 | -8/Garrison | Garrison Relay disabled 3957 | -8/Garrison | Discovered new exit (range 10) 4046 | -8/Garrison | Discovered new exit (range 15) 4093 | -8/Garrison | Triggered checkpoint 4118 | -8/Garrison | Garrison Relay disabled 4196 | -8/Garrison | Build established: Scavenger-Mutant 4251 | -8/Garrison | Discovered new exit (range 12) 4260 | -8/Garrison | Installed Relay Interface Framework 4275 | -8/Garrison | Entered Materials 4529 | -8/Materials | Discovered new exit (range 5) 4573 | -8/Materials | Entered Factory 4573 | -7/Factory | Evolved 2 slots: Utility x2 4719 | -7/Factory | Discovered new exit (range 11) 4944 | -7/Factory | Discovered new exit (range 12) 5477 | -7/Factory | Lost 3 parts (1p2n) 5511 | -7/Factory | Fabricated Magnetic Acceleration Cannon (x2) 5546 | -7/Factory | Fabricated Imp. Aluminum Leg (x2) 5700 | -7/Factory | Discovered new exit (range 4) 5711 | -7/Factory | Build established: Hacker-Skirmisher 5773 | -7/Factory | First assault squad dispatched 5882 | -7/Factory | Sucked down chute 5882 | -7/Factory | Entered Waste 5883 | -7/Waste | Met a frightened Derelict 5897 | -7/Waste | EMP discharged 5897 | -7/Waste | System corruption reached 10% 5931 | -7/Waste | Spotted C-40 Crusher 5939 | -7/Waste | Spotted C-40 Crusher 5955 | -7/Waste | Spotted C-40 Crusher 5979 | -7/Waste | Spotted C-40 Crusher 5991 | -7/Waste | Crushed by Compactor (1 part destroyed, 1 dropped) 5991 | -7/Waste | Spotted C-40 Crusher 5994 | -7/Waste | Crushed by Compactor (1 part destroyed, 1 dropped) 5997 | -7/Waste | EMP discharged 5997 | -7/Waste | Crushed by Compactor (1 part destroyed, 2 dropped) 6000 | -7/Waste | Crushed by Compactor (1 part destroyed, 1 dropped) 6002 | -7/Waste | Spotted C-40 Crusher 6002 | -7/Waste | Crushed by Compactor (1 part destroyed, 1 dropped) 6003 | -7/Waste | Core integrity fell below 50% 6003 | -7/Waste | Crushed by Compactor (1 part destroyed, 1 dropped) 6005 | -7/Waste | Crushed by Compactor (1 part destroyed, 2 dropped) 6006 | -7/Waste | Crushed by Compactor (1 part destroyed, 1 dropped) 6012 | -7/Waste | Discovered new exit (range 11) 6021 | -7/Waste | Entered Factory 6037 | -7/Factory | Lost 8 parts (1p2n2u3w) 6067 | -7/Factory | Noticed a derelict Sapper rigging charges 6171 | -7/Factory | Core integrity fell below 20% 6343 | -7/Factory | Build established: Hacker-Mutant 6660 | -7/Factory | Destroyed by S-27 Virus with Autogun Last Messages --------------- System corrupted: Mni. Assault Cannon misfires. Subcomponent Replicator disabled. System corrupted: FCS attempts to trigger Mni. Assault Cannon. System corrupted: Mni. Assault Cannon misfires. U-05 Engineer destroyed. System corrupted: Component data lost. K-01 Serf collects debris. System corrupted: Matter fused (-7). W-25 Informer knocked back. Acquired 2 matter. TZLR4>BAM0RS#DEDFOWMDC|8 System corrupted: FCS attempts to trigger Mni. Assault Cannon. Acquired Xenon Bombardment Thruster. System corrupted: Substantial component data lost. System corrupted: Component data lost. System corrupted: Energy discharge (-64). Slammed into S-27 Virus. Map ----- +----------------------------------------------------+ | ?????????????????????????????????????????????????? | | ?????????????????????????????????????????????????? | | ?????????????????????????????????????????????????? | | ?????????????????????????????????????????????????? | | ?????????????????????????????????????????????????? | | ?????????????????????????????????????????????????? | | ?????????????????????????????????????????????????? | | ?????????????????????????????????????????????????? | | ?????????????????????????????????????????????????? | | ?????????????????????????????????????????????????? | | ????????????????????????? ???????????????????????# | | ????????????????????????? ???????????????????????? | | ????????????????????????? ???????????????????????? | | ????????????????????????? ???????????????????????? | | ????????????????????????? ???????????????????????? | | ????????????????????????? ???????????????????????? | | ?????????????????????????s??????????????????????## | | ????????????????????????# #?????????????????????# | | ????????????????????????# #?????????????????????# | | ????????????????????????#s#?????????????????????# | | ????????????????????????# #?????????????????????# | | ????????????????????????# #?????????????????????# | | ????????????????????????# #?????????????????????# | | ????????????????????????# #?????????????????????# | | ????????????????????????#s#?????????????????????# | | ????????????????????????#@#?????????????????????# | | ????????????????????????# #?????????????????????# | | ????????????????????????# ####################### | | ????????????????????????# s | | ????????????????????????####"####################+ | | ?????????????????????????# !#?????????# | | ?????????????????????????# #?????????# | | ?????????????????????????# """" #?????????# | | ?????????????????????????# """" #?????????# | | ?????????????????????????# """" #?????????# | | ?????????????????????????# """" #?????????# = | | ?????????????????????????########?????????######## | | ?????????????????????????????????????????????????? | | ?????????????????????????????????????????????????? | | ?????????????????????????????????????????????????? | | ?????????????????????????????????????????????????? | | ?????????????????????????????????????????????????? | | ?????????????????????????????????????????????????? | | ?????????????????????????????????????????????????? | | ?????????????????????????????????????????????????? | | ?????????????????????????????????????????????????? | | ?????????????????????????????????????????????????? | | ?????????????????????????????????????????????????? | | ?????????????????????????????????????????????????? | | ???????????????????????????????????????########### | +----------------------------------------------------+ Best States ------------- Heat Dissipation 45 Energy Generation 15 Energy Capacity 250 Matter Stores 300 Matter Capacity 300 Sight Range 16 Terrain Scan Density 10 Resistance: KI 20 Resistance: TH 20 Resistance: EX 20 Resistance: EM 20 Resistance: I 20 Resistance: S 20 Resistance: P 20 Evasion (%) 63 Target Analysis 5 Recoil Reduction 1 Offensive Hacking 20 Relay Coupler Types 2 Relay Coupler Value 61 Item Schematics ----------------- Shotgun | -9/Materials | Scanalyzed Grenade Launcher | -9/Materials | Scanalyzed Imp. Datajack | -8/Materials | Scanalyzed Lgt. Nuclear Core | -8/Materials | Scanalyzed Hacking Suite | -8/Materials | Scanalyzed Missile Launcher | -8/Materials | Scanalyzed Remote Datajack | -8/Materials | Scanalyzed Imp. Aluminum Leg | -8/Materials | Scanalyzed Robot Schematics ------------------ None Fabricated ------------ Magnetic Acceleration Cannon | x2 | -7/Factory | Preloaded Imp. Aluminum Leg | x2 | -7/Factory Alien Tech Used ----------------- None Achievements -------------- Assimilation Complete Error 47 Factory Defaults Challenges ------------ None Game ------ Seed NuclearSpectralTendrils Manual? 0 Play Time 00:58:58 Cumulative 35.3 hours Start 2024.08.23 @ 15:47:09 End 2024.08.23 @ 16:45:33 Sessions 1 Manual Loads 0 Difficulty Adventurer Special Mode None Game No. 43 Rogue 13 Adventurer 30 Explorer 0 Win Type - Total 0 Types 0/0/0/0/0/0/0/0/0 Lore% 29 Gallery% 38 Achievement% 35 Wizard Run 0 Options --------- Layout 1 ASCII 0 Keyboard 0 Movement Mouse Keybinds 0 Fullscreen 1 Font 24/Smallcaps Map View 50x35 Zoom Use 0% Tactical HUD 0 Map Filters NONE Filters NONE Steam 1 RUN: b3a4f066-9fc9-4568-ae38-acc6a2e7faba